 Dungeon Crawl Stone Soup version 0.28.0-45-g0d030f2227 (webtiles) character file.

Game seed: 17693389125404054288

249 CryoSword the Shield-Bearer (level 6, -18/42 (49) HPs)
             Began as a Formicid Fighter on Apr 13, 2022.
             Demolished by an ogre
             ... wielding a +0 giant club
              (22 damage)
             ... on level 3 of the Dungeon.
             The game lasted 00:06:13 (3989 turns).

CryoSword the Shield-Bearer (Formicid Fighter)      Turns: 3989, Time: 00:06:13

HP:   -18/42 (49)   AC:  9    Str: 20    XL:     6   Next: 34%
MP:   6/6           EV:  7    Int:  8    God:
Gold: 38            SH:  6    Dex: 12    Spells: 5/5 levels left

rFire   . . .      SeeInvis +   k - +0 dagger (venom)
rCold   . . .      Faith    .   c - +1 buckler
rNeg    . . .      Spirit   .   r - +0 chain mail
rPois   .          Reflect  .   (helmet unavailable)
rElec   .          Harm     .   (no cloak)
rCorr   .          Rampage  .   (no gloves)
Will    .....                   (no boots)
Stlth   ..........              (no amulet)
HPRegen 0.14/turn               (no ring)
MPRegen 0.10/turn               (no ring)

@: heavily drained
A: permanent stasis, dig shafts and tunnels, antennae 3, four strong arms
a: Dig, Shaft Self


You were on level 3 of the Dungeon.
You visited 1 branch of the dungeon, and saw 4 of its levels.

You collected 146 gold pieces.
You spent 108 gold pieces at shops.

Inventory:

Hand Weapons
 a - a +1 quarterstaff
 k - a +0 dagger of venom (weapon)
   (You took it off a kobold on level 2 of the Dungeon)
Missiles
 f - 5 javelins
 p - 5 poisoned darts
Armour
 c - a +1 buckler (worn)
 r - a +0 chain mail (worn)
   (You took it off an orc on level 4 of the Dungeon)
Jewellery
 m - a ring of flight
   (You found it on level 3 of the Dungeon)
Wands
 j - a wand of digging (3)
   (You found it on level 3 of the Dungeon)
Scrolls
 g - a scroll of fog
 h - 3 scrolls of identify {@r1}
 n - a scroll of enchant armour
Potions
 d - 2 potions of might
 e - a potion of heal wounds {@q2}
 i - a potion of ambrosia
 l - a potion of flight {unknown}
 o - 2 potions of invisibility
 q - 3 potions of degeneration {unknown}


   Skills:
 + Level 4.4 Fighting
 * Level 4.2 Staves
 + Level 4.3 Armour
 + Level 4.7 Shields


You had 5 spell levels left.
You didn't know any spells.
Your spell library contained the following spells:

 Spells                   Type           Power      Damage    Failure   Level
 Animate Skeleton         Necr           0%         N/A       99%         1
 Pain                     Necr           0%         1d4       99%         1
 Corpse Rot               Necr/Air       0%         N/A       100%        2
 Vampiric Draining        Necr           0%         2d6       100%        3
 Dispel Undead            Necr           0%         3d6       100%        4
 Death Channel            Necr           0%         N/A       100%        6


Dungeon Overview and Level Annotations

Branches:
Dungeon (4/15)
 Temple: D:4-7

Altars:

Shops:
D:1 *   D:3 ::[?*


Innate Abilities, Weirdness & Mutations

You cannot be hasted, slowed, berserked, paralysed or teleported.
You can dig through walls and to a lower floor.
You have a pair of large antennae on your head. (SInv)
Your four strong arms can wield two-handed weapons with a shield.


Message History

You hit the hobgoblin.
You kill the hobgoblin!
No target in view!
No target in view!
No target in view!
No target in view!
No target in view!
Could not explore, unopened door.
Could not explore, unopened door.
As you open the door, it creaks loudly!
Found 14 stones.
There is an open door here.
Could not explore, unopened door.
Could not explore, unopened door.
As you open the door, it creaks loudly!
There is an open door here.
Items here: ))))) ÷÷.
Things that are here:
a +0 dagger; a +0 club; a +0 dagger An ufetubus comes into view.
Items here: )) / [[ ÷.
An ufetubus is nearby!
An ufetubus is nearby!
No target in view!
No target in view!
No target in view!
No target in view!
No target in view!
No target in view!
No target in view!
An ufetubus is nearby!
You barely miss the ufetubus. The ufetubus hits you. x2
You barely miss the ufetubus. The ufetubus barely misses you.
The ufetubus hits you but does no damage. x3
You barely miss the ufetubus. You block the ufetubus's attack.
The ufetubus hits you but does no damage.
You hit the ufetubus.
The ufetubus is poisoned.
You block the ufetubus's attack. x2
The ufetubus hits you but does no damage. x2
You hit the ufetubus.
You kill the ufetubus!
No target in view!
No target in view!
No target in view!
No target in view!
No target in view!
No target in view!
No target in view!
No target in view!
No target in view!
You sense a monster nearby.
A goblin comes into view. It is wielding a +0 club.
A goblin is nearby!
A goblin is nearby!
The goblin shouts!
You completely miss the goblin. The goblin hits you but does no damage.
You hit the goblin but do no damage.
The goblin is poisoned.
The goblin barely misses you.
You miss the goblin. The goblin hits you but does no damage.
You barely miss the goblin.
You kill the goblin!
No target in view!
No target in view!
No target in view!
No target in view!
No target in view!
No target in view!
q - 3 bubbling inky potions (gained 2)
h - 3 scrolls of identify {@r1} (gained 1)
You see here a +0 club.
Found a stone staircase leading up.
Found a trident.
There is an open door here.
Could not explore, unopened door.
Could not explore, unopened door.
Could not explore, unopened door.
You open the door.
There is an open door here.
You sense a monster nearby.
An adder comes into view.
An adder is nearby!
The adder barely misses you.
You closely miss the adder. You block the adder's attack.
You hit the adder.
The adder is poisoned.
The adder barely misses you.
You closely miss the adder. The adder bites you. You block the adder's attack.
You hit the adder but do no damage.
The adder looks as sick as possible!
The adder bites you but does no damage.
You hit the adder but do no damage.
The adder looks as sick as possible!
You kill the adder!
No target in view!
No target in view!
No target in view!
No target in view!
Found a stone staircase leading up.
Found 19 stones.
Found a stone staircase leading down.
You sense a monster nearby.
There is a stone staircase leading down here.
A dart slug comes into view.
You see here 19 stones.
You hit the dart slug.
The dart slug is poisoned.
You hit the dart slug but do no damage. The dart slug launches a dart at you.
The slug dart hits you but does no damage.
You hit the dart slug.
You kill the dart slug!
No target in view!
No target in view!
No target in view!
No target in view!
You see here a dart slug corpse.
There is a stone staircase leading up here.
An ogre comes into view. It is wielding a +0 giant club.
The ogre shouts!
An ogre is nearby!
An ogre is nearby! 2 wights come into view.
A wight comes into view. It is wielding a +0 battleaxe.
There is an open door here.
There is an open door here.
Okay, then.
Okay, then.
You extend your mandibles.
You dig through the rock wall.
You feel drained.
You dig through the rock wall.
You feel drained.
The wight hits you from afar with a +0 spear.
You feel drained.
You retract your mandibles.
Things that are here:
a +0 scale mail; a +0 club
There is an open door here.
You see here a +0 flail.
There is a stone staircase leading up here.
The wight hits you with a +0 spear.
You feel drained.
There is a stone staircase leading up here.
The ogre hits you with a +0 giant club!!
Ouch! That really hurt!
* * * LOW HITPOINT WARNING * * *
You block the wight's attack.
You climb upwards.
There is a stone staircase leading down here.
Number of times to repeat, then command key: You must enter the number of times for the command to repeat.
The wight hits you from afar with a +0 spear.
* * * LOW HITPOINT WARNING * * *
The ogre hits you with a +0 giant club!!
Ouch! That really hurt!
You die...

### #.## ############ #..#
####### ######
#..........####..###......
.##..#
#..............#.....#####
..##.#
#.....∩.∩z>...............
...#.#
#####.....O.............##
...#.#
####∩.∩@.....#..#####..#
>..#.##
#.......................
...#..#
##...........##..#.###.#
...##.#
#..........####....###..
..###.##
#.......>....###.∩.##... )##
#..###..........#.##.........
#)#
##<.###.............#.###.#..
#.#
#..#∩'..)..........#.###.##.
#.#
#..###...[............#..##.


You could see an ogre and a wight.

Vanquished Creatures
  A hound (D:4)
  An orc wizard (D:3)
  A hound skeleton (D:4)
  Robin (D:4)
  3 gnolls (D:4)
  4 adders
  An ufetubus (D:4)
  2 worms (D:2)
  3 dart slugs
  4 orcs
  3 bats
  4 endoplasms
  4 giant cockroaches
  17 goblins
  8 hobgoblins
  4 quokkas
  2 ball pythons
  8 frilled lizards
  9 kobolds
  3 rats
83 creatures vanquished.

Vanquished Creatures (others)
  13 plants (D:4)
13 creatures vanquished.

Grand Total: 96 creatures vanquished

Notes
Turn   | Place    | Note
-------+----------+-------------------------------------------
     0 | D:1      | CryoSword the Formicid Fighter began the quest for the Orb.
     0 | D:1      | Reached XP level 1. HP: 18/18 MP: 1/1
   239 | D:1      | Reached XP level 2. HP: 24/24 MP: 2/2
   585 | D:1      | Found a faded altar of an unknown god.
   767 | D:1      | Found Ytruhyffi's General Store.
   780 | D:1      | Bought a scroll of identify for 20 gold pieces
   966 | D:1      | Reached XP level 3. HP: 26/29 MP: 3/3
  1993 | D:2      | Reached XP level 4. HP: 37/37 MP: 4/4
  2184 | D:3      | Found Ytukaq's Book Shoppe.
  2227 | D:3      | Found Aqokuc's Book Shop.
  2303 | D:3      | Found Sioraerch's Magic Scroll Emporium.
  2309 | D:3      | Bought a scroll of fog for 20 gold pieces
  2309 | D:3      | Bought a scroll of identify for 20 gold pieces
  2345 | D:3      | Found Wiwoath's Assorted Antiques.
  2354 | D:3      | Bought a scroll of identify for 48 gold pieces
  2541 | D:3      | Reached XP level 5. HP: 28/42 MP: 5/5
  2753 | D:3      | Found Daymn's Armour Shop.
  3218 | D:4      | Reached XP level 6. HP: 37/48 MP: 6/6
  3386 | D:4      | Noticed Robin
  3410 | D:4      | Killed Robin
  3890 | D:4      | Noticed an ogre
  3989 | D:3      | Demolished by an ogre

Illustrated notes

Levels and vault maps discovered:
D:1:      nicolae_arrival_somewhat_less_tricky_arrival, layout_basic,
          chequers_ecumenical_altar_simple, serial_shops, shop
D:2:      layout_rooms, minmay_tetromino_l4
D:3:      layout_rooms, serial_shops, nicolae_shop_window_shopping,
          shop_fountains, shop, nicolae_shop_stone,
          nicolae_shop_competitors_out_of_business, grunt_ministairs_9
D:4:      layout_loops_corners, hangedman_abyss_or_decor_stabs,
          minmay_misc_feat_square, nicolae_grassy_gnolls, uniq_robin

Skill      XL: |  1  2  3  4  5  6 |
---------------+-------------------+-----
Shields        | 4 |  4.7
Staves         | 3 4 |  4.2
Armour         | 4 |  4.3
Fighting       | 4 |  4.4

Action                   |  1- 3 |  4- 6 || total
-------------------------+-------+-------++-------
Melee: Quarterstaff      |   100 |       ||   100
       Dagger            |    33 |   159 ||   192
 Abil: Dig               |       |     1 ||     1
  Use: Scroll            |     1 |     8 ||     9
Armor: Scale mail        |    45 |    42 ||    87
       Chain mail        |       |    12 ||    12
Dodge: Dodged            |    61 |    54 ||   115
Block: Buckler           |    39 |    39 ||    78
